 Dungeon Crawl Stone Soup version 0.18-a0-824-g47fe746 (webtiles) character file.

119 tof the Ruffian (level 4, 0/41 HPs)
             Began as a Minotaur Monk on Dec 17, 2015.
             Was a Believer of Makhleb.
             Succumbed to an adder's poison
             ... on level 3 of the Dungeon.
             The game lasted 00:09:24 (2125 turns).

tof the Ruffian (Minotaur Monk)                     Turns: 2125, Time: 00:09:24

Health: 0/41       AC:  7    Str: 16    XL:     4   Next: 73%
Magic:  3/3        EV: 12    Int:  7    God:    Makhleb [**....]
Gold:   96         SH:  0    Dex: 13    Spells: 0 memorised, 3 levels left

rFire  . . .     SeeInvis .     d - +0 club
rCold  . . .     Gourm    .     e - +1 ring mail
rNeg   . . .     Faith    .     (no shield)
rPois  .         Spirit   .     (helmet restricted)
rElec  .         Dismiss  .     (no cloak)
rCorr  .         Reflect  .     (no gloves)
SustAt .         Harm     .     f - +0 pair of boots
MR     .....                    (no amulet)
Stlth  +.........               (no ring)
                                (no ring)

@: lethally poisoned (0 -> -14), not resistant to hostile enchantments, very
unstealthy
A: retaliatory headbutt, horns 2
a: Minor Destruction, Renounce Religion


You were on level 3 of the Dungeon.
You worshipped Makhleb.
Makhleb was pleased with you.
You were not hungry.

You visited 1 branch of the dungeon, and saw 3 of its levels.

You collected 96 gold pieces.

Inventory:

Hand Weapons
 d - a +0 club (weapon)
Armour
 e - a +1 ring mail (worn)
 f - a +0 pair of boots (worn)
Scrolls
 h - a scroll of identify
Potions
 a - a potion of might
 c - a potion of brilliance
Comestibles
 b - a bread ration
 g - a chunk of flesh


   Skills:
 + Level 4.4 Fighting
 * Level 2.2 Maces & Flails
 + Level 1.2 Armour
 + Level 4.1 Dodging
 + Level 1.9 Stealth
 + Level 4.8 Unarmed Combat


You had 3 spell levels left.
You didn't know any spells.

Dungeon Overview and Level Annotations

Branches:
Dungeon (3/15)

Altars:
Ashenzari
Makhleb


Innate Abilities, Weirdness & Mutations

You reflexively headbutt those who attack you in melee.
You have a pair of horns on your head.


Message History

Press: ? - help, Shift-Dir - straight line, f - orc priest
Aim: an orc priest, wielding a club and wearing a leather armour (lightly wounded)
The puff of flame hits the orc priest.
The orc priest is heavily wounded.
You feel slightly more hungry.
You feel sick. The adder bites you.
* * * LOW HITPOINT WARNING * * *
You are lethally poisoned!
The adder poisons you! The orc priest misses you. The adder bites you.
* * * LOW HITPOINT WARNING * * *
You are more poisoned.
The adder poisons you!
Drink which item? (? for menu, Esc to quit)
Okay, then.
Read which item? (? for menu, Esc to quit)
Okay, then.
Unknown command.
Unknown command.
You hit the adder.
The adder is almost dead.
You die...

# #. #.# #..# ##...#
.....#.. .#....S####
........ ......)@..#
#....... .#....o##(#
#......# ##...###.###
###..#.#.#
##.##.....###........#
#.##.....##.........#
..^...........<.....#
#.###.....##.<......>#
#.....###.#.......
###.......##.#####


You could see an orc priest and an adder.

Vanquished Creatures
  A crimson imp (D:2)
  3 adders (D:2)
  2 worms (D:2)
  3 giant geckos
  4 giant cockroaches
  4 hobgoblins
  A ball python (D:1)
  5 bats
  3 giant newts (D:2)
  7 goblins
  10 kobolds
  11 rats
54 creatures vanquished.

Notes
Turn   | Place    | Note
--------------------------------------------------------------
     0 | D:1      | tof the Minotaur Monk began the quest for the Orb.
     0 | D:1      | Reached XP level 1. HP: 19/19 MP: 0/0
   404 | D:1      | Reached XP level 2. HP: 27/27 MP: 1/1
   864 | D:2      | Reached skill level 1 in Maces & Flails
   968 | D:2      | Reached XP level 3. HP: 22/33 MP: 2/2
  1228 | D:2      | Found a burning altar of Makhleb.
  1238 | D:2      | Reached XP level 4. HP: 36/40 MP: 3/3
  1246 | D:2      | Became a worshipper of Makhleb the Destroyer
  1246 | D:2      | Reached * piety under Makhleb
  1246 | D:2      | Reached ** piety under Makhleb
  1299 | D:2      | Reached skill level 1 in Armour
  1754 | D:2      | Found a shattered altar of Ashenzari.
  2124 | D:3      | HP: 1/41 [adder (4)]
  2125 | D:3      | Succumbed to an adder's poison

Vault maps used:
D:1:      dpeg_arrival_simpleton_b
D:2:      ashenzari_altar_1, makhleb_grotto_becter, nrook_mini_vaults
D:3:      marbit_many_paths, first_bread, st_stairs_14

Action                   |  1- 3 |  4- 6 || total
-------------------------+-------+-------++-------
Melee: Club              |    89 |    52 ||   141
       Unarmed           |     4 |       ||     4
Invok: Minor Destruction |       |     1 ||     1
  Use: Potion            |     4 |     2 ||     6
       Scroll            |     4 |     1 ||     5
 Stab: Sleeping          |       |     2 ||     2
  Eat: Chunk             |     1 |     3 ||     4
